 Dungeon Crawl Stone Soup version 0.25.1-2-g60ff931df9 (webtiles) character file.

Game seed: 14856345994539824980

23803 DildoBatman the Geomancer (level 13, -14/94 HPs)
             Began as a Formicid Wizard on Sept 21, 2020.
             Was an Initiate of Gozag.
             Demolished by an ettin skeleton (15 damage)
             ... animated by the malice of Kikubaaqudgha
             ... on level 2 of the Orcish Mines.
             The game lasted 01:11:41 (16492 turns).

DildoBatman the Geomancer (Formicid Wizard)        Turns: 16492, Time: 01:11:41

Health: -14/94     AC: 20    Str: 12    XL:     13   Next: 38%
Magic:  24/24      EV: 12    Int: 19    God:    Gozag
Gold:   1369       SH: 16    Dex:  9    Spells: 6/27 levels left

rFire    . . .     SeeInvis +   a - +4 halberd (protect)
rCold    . . .     Gourm    .   n - +1 kite shield
rNeg     . . .     Faith    .   M - +3 ring mail of Watchfulness {rElec MR+++ Int-4 SInv}
rPois    .         Spirit   .   (helmet unavailable)
rElec    +         Reflect  +   k - +0 cloak
rCorr    .         Harm     .   K - +1 pair of gloves
MR       +++++                  (no boots)
Stlth    +.........             g - amulet of reflection
HPRegen  0.25/turn              (no ring)
MPRegen  0.19/turn              (no ring)

@: protection aura
A: permanent stasis, dig shafts and tunnels, four strong arms, antennae 3, magic
resistance 1, sense surroundings 1, wild magic 1
a: Dig, Shaft Self, Potion Petition, Call Merchant, Bribe Branch, Renounce
Religion


You were on level 2 of the Orcish Mines.
You worshipped Gozag.
Gozag was most pleased with you.
You were not hungry.

You visited 3 branches of the dungeon, and saw 14 of its levels.
You also visited: Ossuary.

You collected 1849 gold pieces.
You paid 480 gold pieces to Gozag.

Inventory:

Hand Weapons
 a - a +4 halberd of protection (weapon)
 b - a +0 hunting sling
Missiles
 d - 3 silver boomerangs
 f - 333 stones
 i - 69 bolts
 m - 180 arrows
 p - 26 poisoned darts (quivered)
 r - 92 sling bullets
 y - a throwing net
 I - 10 javelins
 X - 27 boomerangs
Armour
 k - a +0 cloak (worn)
 n - a +1 kite shield (worn)
 q - a +1 ring mail of cold resistance
 K - a +1 pair of gloves (worn)
 M - the +3 ring mail of Watchfulness (worn) {rElec MR+++ Int-4 SInv}
   (You found it on level 7 of the Dungeon)

   It affects your intelligence (-4).
   It insulates you from electricity.
   It affects your resistance to hostile enchantments.
   It lets you see invisible.
Magical Staves
 t - a cursed staff of fire
Jewellery
 g - an amulet of reflection (around neck)
Wands
 u - a wand of disintegration (20)
 A - a wand of flame (22)
 E - a wand of acid (15)
 N - a wand of paralysis (10)
 P - a wand of clouds (4)
 R - a wand of iceblast (13)
Scrolls
 c - 2 scrolls of enchant armour
 s - 2 scrolls of noise {unknown}
 w - 4 scrolls of amnesia {unknown}
 x - 7 scrolls of remove curse
 C - a scroll of magic mapping
 D - 5 scrolls of immolation
 J - a scroll of fear {unknown}
 L - 2 scrolls of enchant weapon
 S - a scroll of blinking {unknown}
 T - a scroll of random uselessness {unknown}
 U - a scroll of fog {unknown}
 W - a scroll of vulnerability {unknown}
Potions
 e - a potion of ambrosia
 h - 2 potions of resistance
 j - 6 potions of curing
 l - a potion of mutation
 o - 3 potions of heal wounds
 B - a potion of haste {unknown}
 F - 2 potions of stabbing
 G - a potion of might
 H - 2 potions of lignification
 O - a potion of invisibility {unknown}
 Q - a potion of cancellation {unknown}
Comestibles
 v - 21 rations


   Skills:
 * Level 6.3 Fighting
 * Level 6.3 Armour
 * Level 5.6 Dodging
 - Level 2.4 Stealth
 - Level 9.0 Shields
 * Level 7.8 Spellcasting
 - Level 6.0 Conjurations
   Level 1.0 Summonings
 * Level 9.6 Necromancy
   Level 0.8 Translocations
 - Level 5.0 Fire Magic
 - Level 5.0 Air Magic
 * Level 9.8 Earth Magic


You had 6 spell levels left.
You knew the following spells:

 Your Spells              Type           Power        Failure   Level  Hunger
a - Conjure Flame         Conj/Fire      #####...     10%         3    #......
b - Borgnjor's Vile Clut  Necr/Erth      ######....   14%         5    #####..
c - Magic Dart            Conj           ####         3%          1    None
d - Vampiric Draining     Necr           ######....   2%          3    #......
e - Mephitic Cloud        Conj/Pois/Air  ####....     19%         3    #......
h - Dispel Undead         Necr           ######..     6%          4    ###....
z - Sublimation of Blood  Necr           ######....   1%          2    None

Your spell library contained the following spells:

 Spells                   Type           Power        Failure   Level  Hunger
 Animate Skeleton         Necr           N/A          1%          1    None
 Pain                     Necr           ####         1%          1    None
 Agony                    Necr           ######..     14%         5    #####..
 Poisonous Vapours        Pois/Air       ###...       16%         2    None
 Summon Small Mammal      Summ           ##..         19%         1    None
 Apportation              Tloc           ##....       21%         1    None
 Corona                   Hex            #......      26%         1    None
 Sting                    Tmut/Pois      #...         26%         1    None
 Call Imp                 Summ           ##......     26%         2    None
 Slow                     Hex            #.......     36%         2    None
 Ignite Poison            Fire/Tmut/Pois ###.....     36%         3    #......
 Excruciating Wounds      Chrm/Necr      ####......   67%         5    #####..
 Olgreb's Toxic Radiance  Pois           #.......     92%         4    ###....
 Simulacrum               Ice/Necr       ####......   99%         6    ######.
 Haunt                    Necr/Summ      #####.....   100%        7    #######
 Borgnjor's Revivificati  Necr           ######....   100%        8    #######
 Death's Door             Chrm/Necr      ####......   100%        8    #######
 Infestation              Necr           ######....   100%        8    #######
 Necromutation            Tmut/Necr      ####......   100%        8    #######
 Blink                    Tloc           Unusable     N/A         2    N/A

Dungeon Overview and Level Annotations

Branches:
Dungeon (11/15)            Temple (1/1) D:4            Lair (0/6) D:10
    Orc (2/2) D:9         Ossuary (visited)
    Elf: Orc:2

Altars:
Ashenzari
Cheibriados
Dithmenos
Elyvilon
Fedhas
Gozag
Hepliaklqana
Kikubaaqudgha
Makhleb
Nemelex Xobeh
Okawaru
Qazlal
Ru
Sif Muna
Trog
Uskayaw
Vehumet
Wu Jian
Xom
Yredelemnul
Zin
The Shining One

Annotations:
Orc:2 1 exclusion


Innate Abilities, Weirdness & Mutations

You cannot be hasted, slowed, berserked, paralysed or teleported.
You can dig through walls and to a lower floor.
Your four strong arms can wield two-handed weapons with a shield.
You have a pair of large antennae on your head. (SInv)
You are resistant to hostile enchantments. (MR+)
You passively map a small area around you.
Your spells are a little harder to cast, but a little more powerful.


Message History

The ufetubus misses you. You block the ufetubus's attack.
You block the ufetubus's attack. x2
The ufetubus disappears in a puff of smoke!
The ufetubus barely misses you. The ufetubus closely misses you.
The ufetubus disappears in a puff of smoke!
You block the ettin skeleton's attack. x2
You hit the ettin skeleton.
Your weapon exudes an aura of protection.
The ettin skeleton is lightly damaged.
The ettin skeleton hits you!
The ettin skeleton hits you but does no damage.
You slash the ettin skeleton!
The ettin skeleton is lightly damaged.
The orc priest invokes the aid of Beogh against you.
Beogh smites you! The ettin skeleton hits you!
You die...
Your body crumbles into a pile of gold.

**, #....#..........#..#...# , ,,
#...##........#..).##### , *
#...#.....##..####..#.## ..
##)[##.....###### ##....# #...
#...#......##...## ##...# #.####
#.........##.....## #....
.....####........##.......###.[.#
####.##8...o.........))[...###)##
#..#[[[....o..ยง.@Z[..[<))....#.[#
#..'.##8..........).).[[........#
#..#.####........##........#..#.#
####{#..#.........##......####..#
{{{{.'..#..........##...### #)##
######..#..........###### #..# #
#######..........### ###) ###.#
#.....#.......##### ## #..###
#.....)#........#.## #


You could see an orc high priest, an orc priest and an ettin skeleton.

Vanquished Creatures
  Gastronok (D:9)
  An orc warlord (Orc:2)
  A stone giant (Orc:1)
  5 two-headed ogres
  An oklob plant (D:3)
  9 deep elf magi (Orc:1)
  2 ugly things (D:11)
  A cyclops (Orc:1)
  Maurice (D:11)
  A centaur skeleton (D:10)
  A gargoyle (D:11)
  4 trolls
  A hippogriff (D:11)
  3 yaks (D:10)
  A human (D:9)
  4 hogs (D:9)
  2 hungry ghosts
  3 wargs
  A soldier ant (D:11)
  29 orc warriors
  A sky beast (D:7)
  A phantom (D:9)
  An ice beast (D:5)
  13 ogres
  An eye of draining (D:10)
  3 centaurs
  A crocodile (D:7)
  A wyvern zombie (D:10)
  3 bullfrogs
  A water moccasin zombie (Ossuary)
  4 scorpions
  11 killer bees
  2 troll zombies
  A troll skeleton (Orc:2)
  4 wights
  A howler monkey (D:5)
  4 crimson imps
  4 jellies
  24 orc priests
  16 orc wizards
  A gnoll shaman (D:7)
  6 hounds
  A bullfrog skeleton (D:8)
  Ijyb (D:4)
  Natasha (thrice) (D:1)
  11 worker ants
  4 big kobold zombies (Ossuary)
  8 ogre zombies
  2 hound zombies
  2 mummies (Ossuary)
  A worker ant zombie (D:6)
  9 gnolls
  A howler monkey skeleton (D:10)
  8 adders
  4 shadow imps
  A white imp (D:5)
  2 oozes
  3 adder zombies (Ossuary)
  An adder skeleton (D:4)
  3 worms
  A dart slug (D:5)
  5 leopard geckos
  96 orcs
  5 giant cockroaches
  2 gnoll zombies (Ossuary)
  14 goblins
  3 hobgoblins
  11 jackals
  5 quokkas
  2 ball pythons
  9 bats
  7 frilled lizards
  A goblin skeleton (D:9)
  3 goblin zombies (D:9)
  6 hobgoblin zombies
  7 kobolds
  6 kobold zombies (Ossuary)
  11 orc skeletons
  21 orc zombies
  9 rats
  2 fungi (D:3)
  A plant (D:3)
468 creatures vanquished.

Notes
Turn   | Place    | Note
-------+----------+-------------------------------------------
     0 | D:1      | DildoBatman the Formicid Wizard began the quest for the
                  | Orb.
     0 | D:1      | Reached XP level 1. HP: 13/13 MP: 4/4
    24 | D:1      | Reached skill level 1 in Conjurations
   451 | D:1      | Reached XP level 2. HP: 10/19 MP: 0/6
  1062 | D:1      | Reached XP level 3. HP: 24/24 MP: 4/7
  1313 | D:2      | Found an iron altar of Okawaru.
  1651 | D:2      | Reached XP level 4. HP: 16/30 MP: 0/8
  1671 | D:2      | Learned a level 3 spell: Conjure Flame
  1675 | D:2      | Learned a level 3 spell: Mephitic Cloud
  1751 | D:2      | Noticed Natasha
  2157 | D:2      | Found a bloodstained altar of Trog.
  2368 | D:3      | Found a glowing silver altar of Zin.
  2480 | D:3      | Found a blossoming altar of Fedhas.
  2506 | D:3      | Noticed an oklob plant
  2680 | D:3      | Reached XP level 5. HP: 34/35 MP: 5/9
  3516 | D:4      | Found a staircase to the Ecumenical Temple.
  3525 | Temple   | Entered the Ecumenical Temple
  3665 | D:4      | Found an ancient bone altar of Kikubaaqudgha.
  3670 | D:4      | Became a worshipper of Kikubaaqudgha
  3690 | D:4      | Reached XP level 6. HP: 40/41 MP: 1/10
  3724 | D:4      | Found a sand-covered staircase.
  3739 | D:4      | Reached skill level 1 in Fire Magic
  3759 | Ossuary  | Entered an ossuary
  3825 | Ossuary  | Reached skill level 5 in Conjurations
  4102 | Ossuary  | Reached XP level 7. HP: 22/46 MP: 8/11
  4166 | Ossuary  | Reached * piety under Kikubaaqudgha
  4166 | Ossuary  | Identified Kikubaaqudgha's Papyrus of Black Magic
                  | (Kikubaaqudgha gifted it to you in an ossuary)
  4166 | Ossuary  | Received a gift from Kikubaaqudgha
  4190 | Ossuary  | Reached skill level 1 in Air Magic
  4407 | D:4      | Noticed Ijyb
  4918 | D:4      | Killed Ijyb
  4980 | D:1      | Killed Natasha
  5018 | D:1      | Noticed Natasha
  5033 | D:1      | Killed Natasha
  5119 | D:1      | Noticed Natasha
  5135 | D:1      | Killed Natasha
  5231 | D:5      | Entered Level 5 of the Dungeon
  5427 | D:5      | Reached XP level 8. HP: 34/52 MP: 5/12
  6010 | D:5      | Reached ** piety under Kikubaaqudgha
  6363 | D:5      | Found a glowing golden altar of the Shining One.
  6575 | D:6      | Found a shadowy altar of Dithmenos.
  6820 | D:6      | Found a sacrificial altar of Ru.
  6820 | D:6      | Found a shadowy altar of Dithmenos.
  7258 | D:7      | Reached skill level 5 in Fire Magic
  7299 | D:7      | Got a pitted ring mail
  7321 | D:7      | Identified the +3 ring mail of Watchfulness {rElec MR+++
                  | Int-4 SInv} (You found it on level 7 of the Dungeon)
  7404 | D:7      | Reached XP level 9. HP: 57/57 MP: 10/13
  7616 | D:7      | Reached skill level 5 in Air Magic
  7649 | D:7      | Reached skill level 1 in Fighting
  7649 | D:7      | Reached skill level 1 in Armour
  8986 | D:9      | Noticed Gastronok
  9006 | D:9      | Found a staircase to the Orcish Mines.
  9331 | D:9      | HP: 3/64 [centaur/arrow (16)]
  9450 | D:9      | Reached *** piety under Kikubaaqudgha
  9450 | D:9      | Identified Kikubaaqudgha's Guide on Stolen Souls
                  | (Kikubaaqudgha gifted it to you on level 9 of the Dungeon)
  9450 | D:9      | Received a gift from Kikubaaqudgha
  9457 | D:9      | Learned a level 2 spell: Sublimation of Blood
  9461 | D:9      | Learned a level 3 spell: Vampiric Draining
  9543 | D:9      | Reached skill level 1 in Necromancy
  9577 | D:9      | Reached XP level 10. HP: 41/70 MP: 1/16
  9682 | D:9      | Reached skill level 5 in Spellcasting
  9712 | D:9      | Learned a level 4 spell: Dispel Undead
  9921 | D:9      | Reached **** piety under Kikubaaqudgha
 10038 | D:9      | Reached skill level 5 in Necromancy
 10087 | D:9      | Learned a level 5 spell: Borgnjor's Vile Clutch
 10228 | D:10     | Entered Level 10 of the Dungeon
 10257 | D:10     | Noticed a two-headed ogre
 10341 | D:10     | Reached skill level 1 in Earth Magic
 10675 | D:10     | Killed a two-headed ogre
 10675 | D:10     | Reached skill level 5 in Earth Magic
 10675 | D:10     | Reached XP level 11. HP: 48/75 MP: 1/20
 10677 | D:10     | Reached ***** piety under Kikubaaqudgha
 10915 | D:10     | Found a staircase to the Lair.
 11269 | Orc:1    | Entered Level 1 of the Orcish Mines
 11441 | Orc:1    | Noticed a stone giant
 11668 | Orc:1    | Noticed a deep elf mage
 11672 | Orc:1    | Noticed a deep elf mage
 12031 | D:11     | Noticed Maurice
 12043 | D:11     | Killed Maurice
 12241 | D:11     | Noticed a cyan ugly thing
 12258 | D:11     | Killed a cyan ugly thing
 12355 | D:11     | Noticed a purple ugly thing
 12369 | D:11     | Killed a purple ugly thing
 12423 | D:11     | Noticed a two-headed ogre
 12454 | D:11     | Killed a two-headed ogre
 13044 | D:9      | Killed Gastronok
 13044 | D:9      | Reached XP level 12. HP: 81/81 MP: 4/21
 13104 | D:9      | Gained mutation: Your spells are a little harder to cast,
                  | but a little more powerful. [potion of mutation]
 13104 | D:9      | Gained mutation: You passively map a small area around you.
                  | [potion of mutation]
 13104 | D:9      | Gained mutation: You are resistant to hostile enchantments.
                  | (MR+) [potion of mutation]
 13167 | Orc:1    | Killed a stone giant
 13666 | Orc:1    | Reached skill level 5 in Fighting
 13666 | Orc:1    | Reached skill level 5 in Armour
 13914 | Orc:2    | Entered Level 2 of the Orcish Mines
 13936 | Orc:2    | Reached ****** piety under Kikubaaqudgha
 13937 | Orc:2    | Received a gift from Kikubaaqudgha
 13948 | Orc:2    | Noticed a two-headed ogre
 13956 | Orc:1    | Fell from the grace of Kikubaaqudgha
 14198 | Temple   | Became a worshipper of Gozag Ym Sagoz the Greedy
 14571 | Orc:2    | Killed a two-headed ogre
 14663 | Orc:2    | Noticed a two-headed ogre
 14691 | Orc:2    | Killed a two-headed ogre
 14705 | Orc:2    | Noticed a two-headed ogre
 14734 | Orc:2    | Killed a two-headed ogre
 14734 | Orc:2    | Reached skill level 5 in Dodging
 14734 | Orc:2    | Reached XP level 13. HP: 68/92 MP: 14/23
 15816 | Orc:2    | Noticed an orc warlord
 16211 | Orc:2    | Killed an orc warlord
 16492 | Orc:2    | HP: 1/94 [orc priest/divine providence (12)]
 16492 | Orc:2    | Demolished by an ettin skeleton

Illustrated notes

Levels and vault maps discovered:
D:1:      lemuel_arrival_broad_hall, layout_rooms
D:2:      layout_rooms, okawaru_metal_pillars_1_2, lemuel_round_altar,
          kennysheep_generic_room_7, uniq_natasha
D:3:      layout_loops_ring, old_standard_altar, tgw_fedhas
D:4:      kennysheep_the_goblin_king, layout_basic, lemuel_doored_altar,
          minmay_temple_entry_antechambers, first_ration,
          nicolae_ossuary_entry_monument
D:5:      layout_loops_ring, nicolae_tso_swordbearing_angel,
          minmay_fire_ice_demons
D:6:      layout_loops_ring, gammafunk_temple_overflow_wave, basic_altar,
          hex_tiny
D:7:      layout_loops_ring
D:8:      minmay_thick_lines, layout_rooms
D:9:      layout_rooms, zombieorc2_lemuel, grunt_livestock, st_stairs_3,
          uniq_gastronok
D:10:     layout_basic, lair_entry_dummy
D:11:     layout_grid_maze, minivault_22, abandoned_shop, glass_columns_a,
          chequers_serial_rivers_small_a, uniq_maurice
Temple:   regret_index_temple_waves
Orc:1:    layout_caves, elves_outpost_lemuel
Orc:2:    pubby_orc_utopia, uniq_nessos

Skill      XL: |  1  2  3  4  5  6  7  8  9 10 11 12 13 |
---------------+----------------------------------------+-----
Conjurations   | 1 2 3 4 5 6 |  6.0
Fire Magic     | 1 3 5 |  5.0
Shields        | 2 4 6 9 |  9.0
Air Magic      | 2 4 5 |  5.0
Fighting       | 3 5 6 |  6.3
Armour         | 3 5 6 |  6.3
Dodging        | 3 5 |  5.6
Necromancy     | 2 6 9 |  9.6
Spellcasting   | 4 6 7 |  7.8
Earth Magic    | 5 9 |  9.8
Stealth        | |  2.4
Summonings     | |  1.0
Translocations | |  0.8

Action                   |  1- 3 |  4- 6 |  7- 9 | 10-12 | 13-15 || total
-------------------------+-------+-------+-------+-------+-------++-------
Melee: Unarmed           |    13 |       |       |       |       ||    13
       Mace              |     1 |       |    17 |       |       ||    18
       Lajatang          |    10 |     9 |       |       |       ||    19
       Dagger            |       |    16 |    64 |       |       ||    80
       Short sword       |       |    68 |    22 |       |       ||    90
       Rapier            |       |       |    51 |       |       ||    51
       Halberd           |       |       |   122 |   550 |   230 ||   902
 Fire: Hunting sling     |       |    41 |   222 |       |       ||   263
Throw: Dart              |       |     2 |    15 |    12 |       ||    29
 Cast: Magic Dart        |    81 |    45 |    62 |       |       ||   188
       Mephitic Cloud    |       |     5 |    39 |    40 |    20 ||   104
       Conjure Flame     |       |     7 |    40 |    34 |    22 ||   103
       Borgnjor's Vile C |       |       |       |    28 |     9 ||    37
       Dispel Undead     |       |       |       |     1 |       ||     1
       Vampiric Draining |       |       |       |     4 |     4 ||     8
       Sublimation of Bl |       |       |       |     1 |     2 ||     3
Invok: Receive Necronomi |       |       |       |     1 |       ||     1
       Renounce Religion |       |       |       |     1 |       ||     1
 Abil: Dig               |     2 |     4 |     6 |    15 |     3 ||    30
Evoke: Wand              |       |       |     8 |     1 |       ||     9
  Use: Scroll            |       |     5 |     7 |     6 |       ||    18
       Potion            |       |       |     1 |     2 |       ||     3
 Stab: Sleeping          |       |     2 |     1 |     1 |       ||     4
       Confused          |       |       |    13 |    17 |    11 ||    41
  Eat: Chunk             |     3 |     8 |    26 |    27 |       ||    64
       Ration            |       |       |       |     3 |     2 ||     5
Armor: Robe              |     6 |    29 |    52 |    55 |       ||   142
       Ring mail         |       |       |       |    97 |    30 ||   127
Dodge: Dodged            |    24 |    55 |   162 |   184 |    49 ||   474
Block: Buckler           |       |       |    40 |    52 |       ||    92
       Kite shield       |       |       |       |    67 |   115 ||   182
       Reflection        |       |       |       |       |     3 ||     3
